 Dungeon Crawl Stone Soup version 0.31-a0-174-g85c54bcb58 (webtiles) character file.

Game seed: 3623729293018420034

663 qw the Shooter (level 7, 0/66 HPs)
             Began as a Naga Hunter on June 15, 2023.
             Slain by an orc
             ... wielding a +0 short sword
              (2 damage)
             ... on level 5 of the Dungeon.
             The game lasted 00:01:22 (3240 turns).

qw the Shooter (Naga Hunter)                        Turns: 3240, Time: 00:01:22

Health: 0/66       AC:  4    Str: 20    XL:     7   Next: 56%
Magic:  7/7        EV: 10    Int:  9    God:
Gold:   207        SH:  0    Dex: 19    Spells: 6/6 levels left

rFire   . . .        Y - +0 shortbow
rCold   . . .        (shield currently unavailable)
rNeg    + . .        j - +0 leather armour "Dufob" {Str+6 Dex+3}
rPois   +            (no helmet)
rElec   .            (no cloak)
rCorr   .            c - +0 pair of gloves
SInv    +            (no barding)
Will    .....        (no amulet)
Stlth   ++           e - ring of positive energy
HPRegen 0.31/turn    (no ring)
MPRegen 0.10/turn

%: no passive effects
@: short of breath, very slow
A: AC +2, large, see invisible, deformed body, poison resistance, slowness 2,
spit poison 1, naga tail 1
a: Spit Poison


You were on level 5 of the Dungeon.
You visited 1 branch of the dungeon, and saw 5 of its levels.
You also visited: Sewer.

You collected 207 gold pieces.


Innate Abilities, Weirdness & Mutations

Your serpentine skin is tough. (AC +2)
You have supernaturally acute eyesight. (SInv)
Armour fits poorly on your strangely shaped body.
Your system is resistant to poisons. (rPois)
You cover ground very slowly.
You can spit poison.
You have a snake-like lower body.


   Skills:
 - Level 4.7 Fighting
 + Level 7.0 Ranged Weapons
 - Level 2.0 Dodging
 - Level 1.5 Stealth


You had 6 spell levels left.
You didn't know any spells.
Your spell library was empty.

Inventory:

Hand Weapons
 Y - a +0 shortbow (weapon)
Armour
 c - a +0 pair of gloves (worn)
 j - the +0 leather armour "Dufob" (worn) {Str+6 Dex+3}
   (You found it on level 2 of the Dungeon)

   Str:       It affects your strength (+6).
   Dex:       It affects your dexterity (+3).
 n - a +2 leather armour of fire resistance
Jewellery
 e - a ring of positive energy (left hand)
Scrolls
 a - a scroll of teleportation {unknown}
 m - a scroll of identify
Potions
 b - a potion of curing {unknown}
 d - a potion of resistance
 f - a potion of berserk rage {unknown}
 g - a potion of lignification {unknown}
 h - a potion of haste
 k - a potion of might
 o - a potion of attraction {unknown}
 p - a potion of heal wounds {unknown}

Dungeon Overview and Level Annotations

Branches:
Dungeon (5/15)              Sewer (visited)
 Temple: D:4-7

Altars:
Ru
Yredelemnul

Shops:
D:1 :

Annotations:
D:4 2 transporters, qw's ghost, amateur NaHu


Message History

The orc hits you but does no damage. The orc hits you with a +0 mace.
You shoot an arrow. The arrow hits the orc wizard.
The orc wizard is moderately wounded.
The orc hits you with a +0 mace. x2; The orc wizard barely misses you.
The orc hits you with a +0 short sword.
You shoot an arrow. The arrow hits the orc wizard.
The orc wizard is moderately wounded.
The orc hits you but does no damage. x2
You shoot an arrow.
The arrow hits the orc wizard but does no damage.
The orc wizard is moderately wounded.
The orc closely misses you. The orc hits you with a +0 short sword.
The orc hits you with a +0 mace. The orc hits you but does no damage.
The orc hits you with a +0 short sword. The orc closely misses you.
The orc wizard points at you and mumbles some strange words.
You easily resist.
You shoot an arrow. The arrow hits the orc wizard.
The orc wizard is heavily wounded.
You have got your breath back.
The orc barely misses you.
The orc wizard hits you with a +0 dagger.
The orc barely misses you. The orc hits you but does no damage.
3238 ||| INVOKING Spit Poison.
Aiming: Spit Poison (1% risk of failure)
Press: ? - help, Shift-Dir - straight line, f/p - orc wizard The splash of poison hits the orc wizard.
The orc wizard is poisoned.
The orc wizard is heavily wounded.
The orc hits you with a +0 mace.
The orc wizard hits you with a +0 dagger.
The orc barely misses you. The orc closely misses you.
You shoot an arrow. The arrow hits the orc wizard.
The orc wizard is severely wounded.
The orc closely misses you.
The orc wizard points at you and mumbles some strange words.
The puff of flame hits you! The orc barely misses you. x2
You shoot an arrow. The arrow hits the orc wizard.
You kill the orc wizard!
The orc barely misses you. x2; The orc hits you with a +0 short sword.
You die...

#########
#@).....#
#....ooo.....#
.....#.o......#
#### .........#
###.......#
#....>..#
#.......#
#.......#


You could see 4 orcs.

Vanquished Creatures
  Sigmund (D:2)
  Blork the orc (D:4)
  2 scorpions
  Terence (D:2)
  An iguana (D:5)
  Natasha (thrice) (D:4)
  2 orc wizards
  7 adders
  A shadow imp (D:5)
  2 ufetubi (D:4)
  4 worms
  6 orcs
  5 bats
  8 endoplasms
  5 giant cockroaches
  3 hobgoblins
  2 quokkas
  7 ball pythons
  7 frilled lizards
  5 goblins
  4 kobolds
  8 rats
  A spectral orc (D:4)
86 creatures vanquished.

Notes
Turn   | Place    | Note
-------+----------+-------------------------------------------
     0 | D:1      | qw the Naga Hunter began the quest for the Orb.
     0 | D:1      | Reached XP level 1. HP: 19/19 MP: 1/1
     0 | D:1      | 0 ||| qw: Version: 0.2-a-29-g511e9b1
     0 | D:1      | 0 ||| qw: Game counter: 5381
     0 | D:1      | 0 ||| qw: Always use a shield: true
     0 | D:1      | 0 ||| qw: God list: Okawaru
     0 | D:1      | 0 ||| qw: Allow faded altars: false
     0 | D:1      | 0 ||| qw: Do Orc after D:15 true
     0 | D:1      | 0 ||| qw: Do second Lair branch before Depths: true
     0 | D:1      | 0 ||| qw: Lair rune preference: random
     0 | D:1      | 0 ||| qw: Plans: Normal
     0 | D:1      | 0 ||| PLANNING D:1-11
    11 | D:1      | 11 ||| INVOKING Spit Poison.
    24 | D:1      | 24 ||| INVOKING Spit Poison.
    29 | D:1      | 29 ||| INVOKING Spit Poison.
   146 | D:1      | 146 ||| INVOKING Spit Poison.
   156 | D:1      | 156 ||| INVOKING Spit Poison.
   159 | D:1      | Reached skill level 4 in Ranged Weapons
   159 | D:1      | Reached XP level 2. HP: 26/26 MP: 2/2
   197 | D:1      | 197 ||| INVOKING Spit Poison.
   217 | D:1      | 217 ||| INVOKING Spit Poison.
   246 | D:1      | 246 ||| INVOKING Spit Poison.
   255 | D:1      | 255 ||| INVOKING Spit Poison.
   309 | D:1      | 309 ||| INVOKING Spit Poison.
   359 | D:1      | Found Awnoell's Vocational Training.
   365 | D:1      | 365 ||| INVOKING Spit Poison.
   384 | D:1      | 384 ||| INVOKING Spit Poison.
   392 | D:1      | 392 ||| INVOKING Spit Poison.
   641 | D:1      | 641 ||| UPGRADING to ring of positive energy.
   642 | D:1      | 642 ||| READING scroll labelled DAEHYLUG KEOTO.
   643 | D:1      | 643 ||| DROPPING scroll of butterflies.
   684 | D:2      | Reached XP level 3. HP: 32/32 MP: 3/3
   748 | D:2      | Found a faded altar of an unknown god.
   764 | D:2      | 764 ||| INVOKING Spit Poison.
   785 | D:2      | 785 ||| INVOKING Spit Poison.
   804 | D:2      | Noticed Terence
   806 | D:2      | 806 ||| INVOKING Spit Poison.
   812 | D:2      | 812 ||| INVOKING Spit Poison.
   812 | D:2      | Killed Terence
   818 | D:2      | 818 ||| INVOKING Spit Poison.
   820 | D:2      | HP: 7/32 [poisoned by an adder]
   821 | D:2      | Reached skill level 5 in Ranged Weapons
   821 | D:2      | Reached XP level 4. HP: 9/39 MP: 4/4
   971 | D:2      | 971 ||| INVOKING Spit Poison.
  1002 | D:2      | 1002 ||| INVOKING Spit Poison.
  1009 | D:2      | 1009 ||| INVOKING Spit Poison.
  1041 | D:2      | Noticed Sigmund
  1042 | D:2      | 1042 ||| INVOKING Spit Poison.
  1050 | D:2      | 1050 ||| INVOKING Spit Poison.
  1055 | D:2      | 1055 ||| READING scroll labelled DONKIMUCWI.
  1059 | D:2      | 1059 ||| FLEEEEING.
  1060 | D:2      | 1060 ||| FLEEEEING.
  1061 | D:2      | 1061 ||| FLEEEEING.
  1062 | D:2      | 1062 ||| FLEEEEING.
  1064 | D:2      | 1064 ||| FLEEEEING.
  1065 | D:2      | 1065 ||| INVOKING Spit Poison.
  1065 | D:2      | Killed Sigmund
  1066 | D:2      | Reached XP level 5. HP: 15/51 MP: 5/5
  1066 | D:2      | Reached XP level 6. HP: 18/58 MP: 6/6
  1071 | D:2      | 1071 ||| STAIRDANCE
  1202 | D:1      | 1202 ||| DRINKING 2 fizzy ruby potions.
  1203 | D:1      | 1203 ||| DROPPING potion of enlightenment.
  1274 | D:2      | 1274 ||| INVOKING Spit Poison.
  1286 | D:2      | 1286 ||| INVOKING Spit Poison.
  1301 | D:2      | 1301 ||| INVOKING Spit Poison.
  1328 | D:2      | 1328 ||| INVOKING Spit Poison.
  1331 | D:2      | 1331 ||| INVOKING Spit Poison.
  1338 | D:2      | 1338 ||| INVOKING Spit Poison.
  1363 | D:2      | Identified the +0 leather armour "Dufob" {Str+6 Dex+3}
  1374 | D:2      | 1374 ||| INVOKING Spit Poison.
  1422 | D:2      | 1422 ||| INVOKING Spit Poison.
  1427 | D:2      | 1427 ||| INVOKING Spit Poison.
  1428 | D:2      | 1428 ||| INVOKING Spit Poison.
  1529 | D:2      | Found a basalt altar of Yredelemnul.
  1535 | D:2      | 1535 ||| INVOKING Spit Poison.
  1576 | D:2      | 1576 ||| UPGRADING to +2 robe of the Archmagi.
  1586 | D:2      | 1586 ||| DROPPING +0 leather armour.
  1587 | D:2      | 1587 ||| UPGRADING to +0 leather armour "Dufob" {Str+6
                  | Dex+3}.
  1597 | D:2      | 1597 ||| DROPPING +2 robe of the Archmagi.
  1598 | D:2      | 1598 ||| DROPPING amulet of magic regeneration.
  1599 | D:2      | 1599 ||| READING scroll labelled PESUORYNLU.
  1600 | D:2      | 1600 ||| READING scroll labelled ZYUMNUR KYENE.
  1601 | D:2      | 1601 ||| DRINKING 2 fuming cyan potions.
  1647 | D:3      | 1647 ||| PLANNING SEWER
  1686 | D:3      | 1686 ||| INVOKING Spit Poison.
  1698 | D:3      | 1698 ||| INVOKING Spit Poison.
  1713 | D:3      | 1713 ||| INVOKING Spit Poison.
  1775 | D:3      | 1775 ||| INVOKING Spit Poison.
  1779 | D:3      | Found a glowing drain.
  1803 | D:3      | 1803 ||| READING scroll labelled MITAGE ZUELI.
  1810 | D:3      | 1810 ||| INVOKING Spit Poison.
  1813 | D:3      | 1813 ||| INVOKING Spit Poison.
  1818 | D:3      | 1818 ||| INVOKING Spit Poison.
  1824 | D:3      | 1824 ||| INVOKING Spit Poison.
  1931 | Sewer    | Entered a sewer
  1936 | Sewer    | 1936 ||| INVOKING Spit Poison.
  1971 | Sewer    | 1971 ||| DRINKING 2 pink potions.
  1979 | D:3      | 1979 ||| PLANNING D:1-11
  2018 | D:3      | 2018 ||| INVOKING Spit Poison.
  2023 | D:3      | 2023 ||| INVOKING Spit Poison.
  2026 | D:3      | 2026 ||| INVOKING Spit Poison.
  2033 | D:3      | 2033 ||| INVOKING Spit Poison.
  2273 | D:3      | Found a sacrificial altar of Ru.
  2331 | D:3      | 2331 ||| UPGRADING to +0 pair of gloves.
  2336 | D:3      | 2336 ||| DRINKING 2 white potions.
  2339 | D:4      | 2339 ||| INVOKING Spit Poison.
  2351 | D:4      | Found a transporter.
  2371 | D:4      | Noticed Blork the orc
  2372 | D:4      | 2372 ||| INVOKING Spit Poison.
  2376 | D:4      | 2376 ||| INVOKING Spit Poison.
  2376 | D:4      | Killed Blork the orc
  2377 | D:4      | Reached skill level 6 in Ranged Weapons
  2381 | D:4      | 2381 ||| INVOKING Spit Poison.
  2431 | D:4      | Noticed an ancient zyme
  2437 | D:4      | Noticed a small abomination
  2442 | D:4      | Noticed Natasha
  2445 | D:4      | 2445 ||| INVOKING Spit Poison.
  2449 | D:4      | Killed Natasha
  2450 | D:4      | Reached XP level 7. HP: 66/66 MP: 7/7
  2457 | D:4      | 2457 ||| INVOKING Spit Poison.
  2465 | D:4      | Found a transporter.
  2483 | D:4      | 2483 ||| INVOKING Spit Poison.
  2525 | D:4      | 2525 ||| INVOKING Spit Poison.
  2623 | D:4      | 2623 ||| INVOKING Spit Poison.
  2701 | D:4      | Noticed Natasha
  2703 | D:4      | 2703 ||| INVOKING Spit Poison.
  2707 | D:4      | 2707 ||| INVOKING Spit Poison.
  2707 | D:4      | Killed Natasha
  2784 | D:4      | Noticed qw's ghost (amateur NaHu)
  2919 | D:4      | 2919 ||| INVOKING Spit Poison.
  2950 | D:4      | Found a basalt altar of Yredelemnul.
  2973 | D:4      | Noticed Natasha
  2975 | D:4      | 2975 ||| INVOKING Spit Poison.
  2981 | D:4      | 2981 ||| INVOKING Spit Poison.
  2983 | D:4      | Killed Natasha
  3065 | D:4      | 3065 ||| READING 2 scrolls labelled HYQOROIWNO.
  3066 | D:4      | 3066 ||| READING scroll labelled QOLAAL FOLOUMP.
  3067 | D:4      | 3067 ||| READING 2 scrolls of identify.
  3067 | D:4      | 3067 ||| IDENTIFYING viscous black potion
  3068 | D:4      | 3068 ||| DROPPING potion of degeneration.
  3069 | D:4      | 3069 ||| DROPPING scroll of poison.
  3108 | D:5      | Entered Level 5 of the Dungeon
  3133 | D:5      | 3133 ||| INVOKING Spit Poison.
  3136 | D:5      | 3136 ||| INVOKING Spit Poison.
  3141 | D:5      | 3141 ||| INVOKING Spit Poison.
  3217 | D:5      | 3217 ||| INVOKING Spit Poison.
  3221 | D:5      | 3221 ||| INVOKING Spit Poison.
  3223 | D:5      | Reached skill level 7 in Ranged Weapons
  3228 | D:5      | 3228 ||| INVOKING Spit Poison.
  3231 | D:5      | 3231 ||| INVOKING Spit Poison.
  3237 | D:5      | HP: 15/66 [orc wizard/+0 dagger (3)]
  3238 | D:5      | 3238 ||| INVOKING Spit Poison.
  3239 | D:5      | HP: 2/66 [orc wizard/puff of flame (8)]
  3240 | D:5      | Slain by an orc

Levels and vault maps discovered:
D:1:      scummos_arrival_star, layout_basic, serial_forest,
          infiniplex_forest_join, infiniplex_forest_lined_room_2,
          infiniplex_forest_clump_C, infiniplex_forest_3_way,
          infiniplex_forest_clump_cross, infiniplex_forest_lined_2,
          infiniplex_forest_clump_double, infiniplex_forest_join,
          nicolae_shop_vocational
D:2:      layout_basic, basic_altar, shapermc_ecumenical_altar_rom_forum,
          dk_vineyard_3, uniq_sigmund, uniq_terence
D:3:      layout_basic, hangedman_ru_absence, gup_sewer_entry_glass
D:4:      layout_basic, yredelemnul_forgotten_temple_becter,
          gammafunk_ghost_abyssal_escape, uniq_natasha, uniq_blork_the_orc
D:5:      layout_rooms, lemuel_crystal_altar, serial_corexii_hall,
          corexii_hall_statues_u, corexii_hall_statues_i

Skill      XL: |  1  2  3  4  5  6  7 |
---------------+----------------------+-----
Ranged Weapons | 4 5 6 7 |  7.0
Fighting       | 4 |  4.7
Dodging        | 2 |  2.0
Stealth        | |  1.5

Action                     |  1- 3 |  4- 6 |  7- 9 || total
---------------------------+-------+-------+-------++-------
   Fire: Shortbow          |    48 |    86 |    66 ||   200
Ability: Spit Poison       |    18 |    34 |    17 ||    69
    Use: Scroll            |     1 |     4 |     3 ||     8
         Potion            |       |     4 |       ||     4
 Armour: Leather armour    |     2 |    17 |    16 ||    35
  Dodge: Dodged            |     8 |    31 |    38 ||    77

Table legend:
 A = Non-vault XP
 B = Vault XP
 C = Vault XP percentage of total XP
 D = Non-vault monster count
 E = Vault monster count
 F = Vault count percentage of total count
                 A         B        C        D         E       F
            +---------+---------+-------+---------+---------+-------
      Total |     535 |     449 |  45.6 |      76 |      10 |  11.6
            +---------+---------+-------+---------+---------+-------
        D:1 |      32 |       0 |   0.0 |      22 |       0 |   0.0
        D:2 |      67 |     266 |  79.9 |      20 |       2 |   9.1
        D:3 |      77 |      30 |  28.0 |      13 |       4 |  23.5
        D:4 |     188 |     140 |  42.7 |      15 |       3 |  16.7
        D:5 |     171 |       0 |   0.0 |       6 |       0 |   0.0
      Sewer |       0 |      13 | 100.0 |       0 |       1 | 100.0
            +---------+---------+-------+---------+---------+-------
